 Dungeon Crawl Stone Soup version 0.19.1-1-g22dce08 (webtiles) character file.

16 Nydiazath the Conjurer (level 2, -2/15 HPs)
             Began as a Deep Elf Conjurer on Jan 3, 2017.
             Slain by Terence
             ... wielding a +0 mace
              (6 damage)
             ... on level 1 of the Dungeon.
             The game lasted 00:01:16 (858 turns).

Nydiazath the Conjurer (Deep Elf Conjurer)           Turns: 858, Time: 00:01:17

Health: -2/15      AC:  2    Str:  5    XL:     2   Next: 37%
Magic:  4/8        EV: 13    Int: 19    God:
Gold:   46         SH:  0    Dex: 15    Spells: 1 memorised, 6 levels left

rFire  . . .     SeeInvis .     (no weapon)
rCold  . . .     Gourm    .     a - +0 robe
rNeg   . . .     Faith    .     (no shield)
rPois  .         Spirit   .     (no helmet)
rElec  .         Reflect  .     (no cloak)
rCorr  .         Harm     .     (no gloves)
MR     .....                    (no boots)
Stlth  ++........               (no amulet)
                                (no ring)
                                (no ring)

@: no status effects
A: no striking features
a: no special abilities


You were on level 1 of the Dungeon.
You were not hungry.

You visited 1 branch of the dungeon, and saw 2 of its levels.

You collected 46 gold pieces.

Inventory:

Armour
 a - a +0 robe (worn)
Jewellery
 e - an uncursed ring of positive energy {unknown}
Scrolls
 d - a scroll of identify {unknown}
 f - a scroll of remove curse {unknown}
 h - a scroll of blinking {unknown}
Books
 b - a book of Conjurations

   Spells                             Type                      Level
   a - Magic Dart                     Conjuration                  1
   b - Searing Ray                    Conjuration                  2
   c - Dazzling Spray                 Conjuration/Hexes            3
   d - Fulminant Prism                Conjuration/Hexes            4
   e - Iskenderun's Mystic Blast      Conjuration                  4
   f - Iskenderun's Battlesphere      Conjuration/Charms           5
Comestibles
 c - a bread ration
 g - a slice of pizza


   Skills:
 - Level 2.4 Dodging
 - Level 2.4 Stealth
 - Level 3.0 Spellcasting
 + Level 5.1 Conjurations


You had 6 spell levels left.
You knew the following spells:

 Your Spells              Type           Power        Failure   Level  Hunger
a - Magic Dart            Conj           ###.         1%          1    None


Dungeon Overview and Level Annotations

Branches:
Dungeon (2/15)

Altars:
Ashenzari

Annotations:
D:1 Terence


Message History

Press: ? - help, Shift-Dir - straight line, f/p - Terence
Aim: Terence, wielding a mace and wearing a ring mail (moderately wounded)
The magic dart hits Terence.
Terence is heavily wounded.
The bat hits you but does no damage. x2; Terence hits you with a mace.
Casting: Magic Dart
Confirm with . or Enter, or press ? or * to list all spells.
Aiming: Magic Dart
Press: ? - help, Shift-Dir - straight line, f/p - Terence
Aim: Terence, wielding a mace and wearing a ring mail (heavily wounded)
The magic dart hits Terence.
Terence is severely wounded.
The bat closely misses you. Terence hits you with a mace.
The bat closely misses you. The bat barely misses you. x2
Terence hits you with a mace.
* * * LOW HITPOINT WARNING * * *
You climb upwards.
There is a stone staircase leading down here.
Terence hits you with a mace.
You die...

....###............###..#### #.#
.....##.###...###..........# #.#
.....##.###...###..###..#### #.#
...................# #..# #.#
#####.#.###...###..# #..# #.#
........###...# #..# #..# #.#
#####.#.......# #..###..### #.#
#.#.###..####.........# #.#
#####.#.###.....@..###..#.# #.#
.............####@..##..#.### #.#
#####...###.###.............# #.#
#...# #.# ###...##.##.#.# #.#
#####...# #.# #....#.##.#.# #.#
........###.#####....#.##.#.###.#
....................>.........#.#
#####.#..##.#####...##.####.#.#.#
#.##.##.###...#.##.####.#.#.#


You could see Terence.

Vanquished Creatures
  An adder (D:2)
  A leopard gecko (D:1)
  2 hobgoblins (D:1)
  A ball python (D:1)
  A bat (D:2)
  A rat (D:1)
7 creatures vanquished.

Notes
Turn   | Place    | Note
-------+----------+-------------------------------------------
     0 | D:1      | Nydiazath the Deep Elf Conjurer began the quest for the Orb.
     0 | D:1      | Reached XP level 1. HP: 10/10 MP: 6/6
   372 | D:1      | Found a shattered altar of Ashenzari.
   783 | D:2      | Noticed Terence
   783 | D:2      | Reached skill level 5 in Conjurations
   783 | D:2      | Reached XP level 2. HP: 15/15 MP: 1/8
   858 | D:1      | Slain by Terence

Skill      XL: |  1 |
---------------+----+-----
Conjurations   | 5 |  5.1
Dodging        | |  2.4
Stealth        | |  2.4
Spellcasting   | |  3.0

Action                   || total
-------------------------++-------
Melee: Unarmed           ||     1
 Cast: Magic Dart        ||    17
 Stab: Sleeping          ||     1
Armor: Robe              ||     3
Dodge: Dodged            ||    10
